[Event "Titled Tuesday Blitz July 05 Early 2022"]
[White "Zhalmakhanov, Ramazan"]
[Black "Rosen, Eric"]
[WhiteFideId "13706357"]
[BlackFideId "2032562"]
[WhiteElo "2397"]
[BlackElo "2362"]
[Result "1-0"]
[Round "06"]
[TimeControl "180+1"]
[Date "2022.07.05"]
[WhiteClock "0:00:07"]
[BlackClock "0:00:01"]

1. e4 c5 2. Nc3 e6 3. Nf3 Nc6 4. d4 cxd4 5. Nxd4 Qc7 6. a3 a6 7. Be3 Nf6 8. f4 d6 9. Qf3 Be7 10. O-O-O Bd7 11. g4 Nxd4 12. Bxd4 e5 13. fxe5 dxe5 14. Qg3 Bd6 15. Bg1 Bxg4 16. Nd5 Nxd5 17. Qxg4 Nf4 18. Qxg7 O-O-O 19. Be3 Kb8 20. Qf6 Ne6 21. Bh3 Rc8 22. Qf2 Qc6 23. Rd2 Bc7 24. Qxf7 Rce8 25. Re1 Nf4 26. Bd7 Ref8 27. Qxf8+ Rxf8 28. Bxc6 bxc6 29. b4 Kb7 30. Kb2 h5 31. Kb3 a5 32. Rd7 axb4 33. axb4 Kc8 34. Rh7 Ng2 35. Re2 Rf3 36. Rxg2 Rxe3+ 37. c3 Rxe4 38. Rg8+ Kb7 39. Rgg7 Kb6 40. Rxc7 c5 41. Rxc5 Re1 42. Rh6+ Kb7 43. Rxh5 e4 44. Rhe5 e3 45. Kc4 e2 46. Re7+ Kb6 47. Rce5 Rd1 48. R5e6+ 1-0


[Site "https://www.chess.com"]

[Event "Titled Tuesday Blitz July 05 Early 2022"]
[White "Andreikin, Dmitry"]
[Black "Melkumyan, Hrant"]
[WhiteFideId "4158814"]
[BlackFideId "13302485"]
[WhiteElo "2736"]
[BlackElo "2604"]
[Result "1-0"]
[Round "07"]
[TimeControl "180+1"]
[Date "2022.07.05"]
[WhiteClock "0:01:33"]
[BlackClock "0:01:03"]

1. d4 d5 2. c4 e6 3. Nf3 Nf6 4. Bg5 Be7 5. e3 Nbd7 6. Nc3 h6 7. Bh4 O-O 8. Rc1 c5 9. cxd5 Nxd5 10. Bxe7 Nxe7 11. Be2 b6 12. O-O Bb7 13. dxc5 Nxc5 14. b4 Ne4 15. Nxe4 Bxe4 16. Qa4 Nd5 17. b5 Bh7 18. Ne5 Qg5 19. f4 Qe7 20. Bf3 Rac8 21. Nc6 Qe8 22. Qa3 Kh8 23. Rfd1 a5 24. bxa6 Rxc6 25. Rxc6 Nxe3 26. Qxe3 1-0


[Site "https://www.chess.com"]

[Event "Titled Tuesday Blitz July 05 Early 2022"]
[White "Barp, Alberto"]
[Black "Terry, Renato"]
[WhiteFideId "872555"]
[BlackFideId "3803457"]
[WhiteElo "2229"]
[BlackElo "2577"]
[Result "0-1"]
[Round "07"]
[TimeControl "180+1"]
[Date "2022.07.05"]
[WhiteClock "0:00:38"]
[BlackClock "0:01:09"]

1. d4 d5 2. c4 dxc4 3. Nf3 Nf6 4. e3 e6 5. Bxc4 a6 6. O-O c5 7. Nc3 b5 8. Be2 Bb7 9. dxc5 Bxc5 10. Qxd8+ Kxd8 11. Nd2 Nbd7 12. Nb3 Bb4 13. Bd2 Nd5 14. Nxd5 Bxd2 15. Nxd2 Bxd5 16. Rfc1 Ke7 17. a4 bxa4 18. Rxa4 Rhc8 19. Rd1 Rc2 20. Rxa6 Rxa6 21. Bxa6 Rxb2 22. Bf1 Ne5 23. f3 g5 24. e4 Ba2 25. Be2 h5 26. Kf2 Bb3 27. Nxb3 Rxb3 28. Rd2 h4 29. g3 Kf6 30. Rc2 Ra3 31. Rd2 Rc3 32. Rb2 Rxf3+ 33. Bxf3 Nd3+ 34. Ke3 Nxb2 35. gxh4 gxh4 36. Kf4 Nd3+ 37. Ke3 Ne5 38. Be2 Kg5 39. Bd1 Ng4+ 40. Kf3 Nxh2+ 0-1


[Site "https://www.chess.com"]

[Event "Titled Tuesday Blitz July 05 Early 2022"]
[White "Barria Zuniga, Daniel"]
[Black "Rostovtsev, Dmitry"]
[WhiteFideId "3400816"]
[BlackFideId "34278320"]
[WhiteElo "2414"]
[BlackElo "2232"]
[Result "0-1"]
[Round "07"]
[TimeControl "180+1"]
[Date "2022.07.05"]
[WhiteClock "0:00:14"]
[BlackClock "0:00:19"]

1. d4 Nf6 2. c4 g6 3. Nc3 d5 4. Bf4 Bg7 5. e3 O-O 6. Rc1 c5 7. dxc5 Be6 8. Nf3 Qa5 9. Be2 dxc4 10. Ng5 Bf5 11. Bxc4 h6 12. Nxf7 Rxf7 13. Bxf7+ Kxf7 14. Qb3+ Be6 15. Qxb7 Bc4 16. Qxa8 Nd5 17. Qxb8 Nxc3 18. Be5 Ne4+ 19. b4 Qxa2 20. Bb2 Qxb2 21. Qf4+ Bf6 22. Rxc4 Qd2+ 0-1


[Site "https://www.chess.com"]

[Event "Titled Tuesday Blitz July 05 Early 2022"]
[White "Cruz Mendez, Jean Marco"]
[Black "Mitrabha, Guha"]
[WhiteFideId "3526402"]
[BlackFideId "5057000"]
[WhiteElo "2064"]
[BlackElo "2499"]
[Result "0-1"]
[Round "07"]
[TimeControl "180+1"]
[Date "2022.07.05"]
[WhiteClock "0:00:08"]
[BlackClock "0:00:18"]

1. e4 c6 2. Nf3 d5 3. d3 Nd7 4. Nc3 Ngf6 5. Be2 e5 6. O-O Bd6 7. exd5 cxd5 8. Re1 O-O 9. Bg5 h6 10. Bh4 Nb6 11. a4 a5 12. d4 e4 13. Ne5 Re8 14. f4 Be7 15. Bf2 Nh7 16. Ng4 Bxg4 17. Bxg4 Nf8 18. Nb5 Bf6 19. b3 Ne6 20. Bxe6 fxe6 21. Rc1 Nc8 22. c4 Nd6 23. c5 Nf5 24. g4 Nh4 25. Bxh4 Bxh4 26. Rf1 Rf8 27. Qe2 Rf7 28. Nd6 Re7 29. f5 e5 30. dxe5 Rxe5 31. Nxb7 Qc7 32. Nd6 Be7 33. Nb5 Bxc5+ 34. Kh1 Qb6 35. Rcd1 d4 36. Qc4+ Kh8 37. Nxd4 e3 38. Rfe1 Qb7+ 39. Kg1 Rae8 40. Ne2 Bb4 41. Rf1 Re4 42. Rd4 Rxd4 43. Qxd4 Re4 44. Qd8+ Kh7 45. h3 Qa6 46. Qd5 Re7 47. Qc4 Qf6 48. Kg2 Rd7 49. Kg3 Rd2 50. h4 Bd6+ 51. Kf3 Qxh4 52. Qe6 Qh3+ 53. Ke4 Qxg4+ 54. Nf4 Bxf4 55. Rxf4 Qg2+ 56. Ke5 e2 0-1


[Site "https://www.chess.com"]

[Event "Titled Tuesday Blitz July 05 Early 2022"]
[White "Filgueira, Hernan"]
[Black "Cherniaiev, Tykhon"]
[WhiteFideId "101770"]
[BlackFideId "14182360"]
[WhiteElo "2363"]
[BlackElo "2263"]
[Result "0-1"]
[Round "07"]
[TimeControl "180+1"]
[Date "2022.07.05"]
[WhiteClock "0:01:07"]
[BlackClock "0:00:21"]

1. e4 c5 2. Nf3 e6 3. d3 d5 4. Qe2 Nc6 5. g3 Nf6 6. Bg2 Be7 7. O-O O-O 8. e5 Nd7 9. c4 d4 10. h4 f6 11. exf6 Nxf6 12. Bg5 h6 13. Bxf6 Bxf6 14. Nbd2 Qc7 15. Rae1 Bd7 16. Nh2 Rae8 17. Ne4 Be7 18. Ng4 Ne5 19. Nxe5 Qxe5 20. f4 Qc7 21. Nd2 Bd6 22. Nf3 Bc6 23. Ne5 Bxg2 24. Kxg2 Rf5 25. Ng4 h5 26. Nf2 e5 27. fxe5 Rexe5 28. Ne4 Qe7 29. Rxf5 Rxf5 30. Ng5 Re5 31. Qxh5 Rxg5 32. hxg5 Qxe1 33. g6 Qxg3+ 34. Kf1 Qf4+ 35. Kg1 Qe5 36. Qh7+ Kf8 37. Qh8+ Ke7 38. Qc8 Qg3+ 0-1


[Site "https://www.chess.com"]

[Event "Titled Tuesday Blitz July 05 Early 2022"]
[White "Franca, Ricardo Bedin"]
[Black "Madaminov, Mukhiddin"]
[WhiteFideId "2107066"]
[BlackFideId "14210703"]
[WhiteElo "2537"]
[BlackElo "2011"]
[Result "1-0"]
[Round "07"]
[TimeControl "180+1"]
[Date "2022.07.05"]
[WhiteClock "0:00:41"]
[BlackClock "0:00:14"]

1. e4 e5 2. Nf3 Nc6 3. Bc4 Nf6 4. Ng5 d5 5. exd5 Na5 6. Bb5+ c6 7. dxc6 bxc6 8. Bd3 Nd5 9. Nf3 Bd6 10. O-O O-O 11. Re1 f5 12. Bf1 e4 13. Nd4 c5 14. Nb3 Nxb3 15. axb3 Qh4 16. g3 Qf6 17. Bc4 Be6 18. Nc3 Nb6 19. Bxe6+ Qxe6 20. d3 Rad8 21. Qe2 Be5 22. dxe4 f4 23. Rxa7 Qh3 24. Qf1 Qh5 25. Qg2 Rd6 26. Re7 Rg6 27. Nd5 Nxd5 28. exd5 Bd4 29. Re8 f3 30. Rxf8+ Kxf8 31. Qf1 Qh4 32. Be3 Qh5 33. Bxd4 cxd4 34. Qc4 Qh3 35. Qc5+ Kg8 36. Re8+ Kf7 37. Qf8# 1-0


[Site "https://www.chess.com"]

[Event "Titled Tuesday Blitz July 05 Early 2022"]
[White "Garcia Ramos, Daniel"]
[Black "Csonka, Balazs"]
[WhiteFideId "32010311"]
[BlackFideId "742910"]
[WhiteElo "2268"]
[BlackElo "2404"]
[Result "1-0"]
[Round "07"]
[TimeControl "180+1"]
[Date "2022.07.05"]
[WhiteClock "0:00:30"]
[BlackClock "0:00:06"]

1. e4 c5 2. Nf3 Nc6 3. d4 cxd4 4. Nxd4 e6 5. Nc3 Qc7 6. Be3 a6 7. a3 Be7 8. g4 b5 9. h4 Bb7 10. Bg2 Ne5 11. g5 Rc8 12. Nce2 h6 13. Ng3 hxg5 14. hxg5 Rxh1+ 15. Bxh1 Nc4 16. Bc1 Bc5 17. Kf1 Ne7 18. c3 Ng6 19. b3 Nb6 20. Be3 d5 21. Qh5 dxe4 22. Nxe6 fxe6 23. Qxg6+ Qf7 24. Qxf7+ Kxf7 25. Bxe4 Bxe4 26. Nxe4 Bxe3 27. Nd6+ Kg6 28. Nxc8 Nxc8 29. fxe3 Kxg5 30. Rd1 Kf5 31. Ke2 g5 32. c4 bxc4 33. bxc4 Ke5 34. c5 Ne7 35. Rd7 Nc6 36. Rd6 Ne7 37. Rxa6 g4 38. Rd6 Nd5 39. Kf2 Nc3 40. Rd4 Ne4+ 41. Rxe4+ Kxe4 42. c6 1-0


[Site "https://www.chess.com"]

[Event "Titled Tuesday Blitz July 05 Early 2022"]
[White "Ibarra Jerez, Jose Carlos"]
[Black "Kovalev, Vladislav"]
[WhiteFideId "2226332"]
[BlackFideId "13504398"]
[WhiteElo "2628"]
[BlackElo "2530"]
[Result "1-0"]
[Round "07"]
[TimeControl "180+1"]
[Date "2022.07.05"]
[WhiteClock "0:00:20"]
[BlackClock "0:00:02"]

1. e4 e5 2. Nf3 Nc6 3. Bb5 a6 4. Bxc6 dxc6 5. O-O f6 6. d4 exd4 7. Nxd4 c5 8. Nb3 Qxd1 9. Rxd1 Bd7 10. Bf4 O-O-O 11. Nc3 Be6 12. Rxd8+ Kxd8 13. Rd1+ Kc8 14. Nd5 Bxd5 15. Rxd5 b6 16. f3 Ne7 17. Rd1 Nc6 18. c3 Be7 19. Kf2 a5 20. a4 g5 21. Bg3 h5 22. h3 h4 23. Bh2 c4 24. Nd2 Kd7 25. Nxc4+ Kc8 26. Ke2 Re8 27. Ne3 Ne5 28. b3 Bc5 29. Ng4 Nxg4 30. hxg4 Re6 31. Rd5 Be7 32. Bg1 c6 33. Rf5 Kc7 34. Be3 Bd6 35. Bd4 Be7 36. Kd3 c5 37. Be3 Bd6 38. Rd5 Be5 39. Kc4 Kc6 40. Rd8 Rd6 41. Rxd6+ Bxd6 42. Bd2 Be5 43. b4 Bc7 44. bxc5 bxc5 45. Be3 Bd6 46. e5 Bxe5 47. Bxc5 Bxc3 48. Be7 1-0


[Site "https://www.chess.com"]

[Event "Titled Tuesday Blitz July 05 Early 2022"]
[White "Jobava, Baadur"]
[Black "Dubov, Daniil"]
[WhiteFideId "13601520"]
[BlackFideId "24126055"]
[WhiteElo "2617"]
[BlackElo "2791"]
[Result "0-1"]
[Round "07"]
[TimeControl "180+1"]
[Date "2022.07.05"]
[WhiteClock "0:00:00"]
[BlackClock "0:00:03"]

1. e4 e5 2. Nf3 Nc6 3. c3 d5 4. d3 Nf6 5. Qc2 a5 6. a4 Bd6 7. Be2 O-O 8. O-O Ne7 9. Re1 Ng6 10. g3 c6 11. Nbd2 Re8 12. Bf1 Bg4 13. h3 Be6 14. Bg2 h6 15. Kh2 Qd7 16. b3 Rad8 17. Bb2 Bb8 18. Re2 Nh5 19. Rae1 dxe4 20. dxe4 Qd3 21. Qxd3 Rxd3 22. Nc4 Bxc4 23. bxc4 Nf6 24. Rb1 Nd7 25. Ne1 Rd6 26. Ba3 Rf6 27. Rxb7 Bd6 28. Rxd7 Bxa3 29. Nd3 Rd6 30. Rxd6 Bxd6 31. c5 Bc7 32. Rb2 Rb8 33. Bf1 Rxb2 34. Nxb2 Nf8 35. Bc4 Nd7 36. Nd3 Bb8 37. Kg2 Kf8 38. Ba6 Ba7 39. Bb7 Nxc5 40. Nxc5 Bxc5 41. Bxc6 Ke7 42. Bd5 Ba3 43. f4 Bb2 44. c4 Bd4 0-1


[Site "https://www.chess.com"]

[Event "Titled Tuesday Blitz July 05 Early 2022"]
[White "Jubin Jimmy"]
[Black "Krysa, Leandro"]
[WhiteFideId "46686614"]
[BlackFideId "116807"]
[WhiteElo "2219"]
[BlackElo "2490"]
[Result "0-1"]
[Round "07"]
[TimeControl "180+1"]
[Date "2022.07.05"]
[WhiteClock "0:00:19"]
[BlackClock "0:00:11"]

1. d4 Nf6 2. c4 g6 3. g3 Bg7 4. Bg2 d5 5. cxd5 Nxd5 6. Nc3 Nb6 7. Nf3 Nc6 8. e3 O-O 9. O-O e5 10. d5 Na5 11. e4 c6 12. Bg5 f6 13. Bc1 cxd5 14. Nxd5 Nxd5 15. exd5 Nc4 16. b3 Nd6 17. Ba3 Rf7 18. Rc1 Bf8 19. Nd2 Kh8 20. Kh1 Bd7 21. f4 exf4 22. Rxf4 Rc8 23. Rxc8 Bxc8 24. Bb2 Bg7 25. Nc4 b5 26. Nd2 f5 27. Bxg7+ Kxg7 28. Nf3 Qf6 29. Nd4 Re7 30. Rf1 Bd7 31. h3 Re3 32. Rf3 Qe5 33. Rxe3 Qxe3 34. Ne2 b4 35. Qc2 Ne4 36. Bxe4 Qxe4+ 37. Qxe4 fxe4 38. Kg1 Kf6 39. Kf2 Ke5 40. Ke3 Bxh3 41. d6 Kxd6 42. Kxe4 Bf5+ 43. Kf4 Bb1 44. Kg5 Bxa2 45. Nc1 Bb1 46. Kh6 Ke5 47. Kxh7 Kd4 48. Ne2+ Kd3 49. Nf4+ Kc3 50. Nxg6 Kxb3 51. Kh6 Bxg6 52. Kxg6 Ka2 0-1


[Site "https://www.chess.com"]

[Event "Titled Tuesday Blitz July 05 Early 2022"]
[White "Kadric, Denis"]
[Black "Vlassov, Nikolai"]
[WhiteFideId "14403803"]
[BlackFideId "4103360"]
[WhiteElo "2657"]
[BlackElo "2324"]
[Result "1/2-1/2"]
[Round "07"]
[TimeControl "180+1"]
[Date "2022.07.05"]
[WhiteClock "0:00:24"]
[BlackClock "0:00:27"]

1. e4 Nc6 2. Nc3 Nf6 3. Nf3 d5 4. e5 Ne4 5. d4 Bg4 6. Ne2 f6 7. c3 fxe5 8. Nxe5 Nxe5 9. dxe5 Bxe2 10. Bxe2 e6 11. Be3 Bc5 12. Bxc5 Nxc5 13. Qd4 Nd7 14. f4 c5 15. Qe3 Qb6 16. O-O-O c4 17. Qxb6 axb6 18. a3 Nc5 19. Kd2 g5 20. fxg5 Ne4+ 21. Ke3 Nxg5 22. h4 Ne4 23. Bxc4 Ng3 24. Bb5+ Ke7 25. Rh3 Rhg8 26. Bd3 h5 27. Rd2 Raf8 28. Rf2 Nf5+ 29. Bxf5 Rxf5 30. Rxf5 exf5 31. Kf4 Rxg2 32. Kxf5 Rxb2 33. Rg3 Rf2+ 34. Kg5 Ke6 35. Kxh5 Kxe5 36. Kg6 Ra2 37. h5 Rxa3 38. h6 Ra8 39. Kg7 d4 40. cxd4+ Kxd4 41. h7 b5 42. Rf3 Rc8 43. Rf8 Rc7+ 44. Rf7 Rc8 45. Rxb7 Kc4 46. Kg6 Rh8 47. Kg7 Rxh7+ 48. Kxh7 b4 49. Kg6 b3 50. Kf5 Kc3 51. Ke4 b2 52. Ke3 Kc2 53. Rc7+ Kd1 54. Rb7 Kc2 55. Rxb2+ Kxb2 1/2-1/2


[Site "https://www.chess.com"]

[Event "Titled Tuesday Blitz July 05 Early 2022"]
[White "Khripachenko, Alexander"]
[Black "Wagner, Dennis"]
[WhiteFideId "54184975"]
[BlackFideId "24650684"]
[WhiteElo "2147"]
[BlackElo "2355"]
[Result "1-0"]
[Round "07"]
[TimeControl "180+1"]
[Date "2022.07.05"]
[WhiteClock "0:00:20"]
[BlackClock "0:00:10"]

1. e4 c5 2. Nf3 d6 3. d4 cxd4 4. Nxd4 Nf6 5. f3 a6 6. c4 e6 7. Nc3 Be7 8. Be3 O-O 9. Qd2 b6 10. Be2 Bb7 11. O-O Nbd7 12. Rfd1 Rc8 13. a4 Re8 14. a5 bxa5 15. Nb3 Rb8 16. Nxa5 Ba8 17. Ra2 Qc7 18. Rc1 Nc5 19. b4 Ncd7 20. b5 Nc5 21. bxa6 Nxa6 22. Nb5 Qd7 23. Nb3 Nc5 24. Nxc5 dxc5 25. Qxd7 Nxd7 26. Ra7 Bc6 27. Rd1 Ne5 28. Nc7 Red8 29. Rxd8+ Bxd8 30. Bxc5 Rb2 31. Kf1 g5 32. Bd4 Rb1+ 33. Kf2 Bf6 34. Be3 Rb2 35. Kf1 Rb1+ 36. Kf2 Rb2 37. Kf1 Kg7 38. Nxe6+ Kg6 39. Nd4 Bd7 40. Ra6 Rb1+ 41. Kf2 Rb2 42. Ke1 Bc8 43. Ra1 Be7 44. Rc1 Bb4+ 45. Kf1 Bc5 46. Nf5 Bxe3 47. Nxe3 Nc6 48. Rc2 Rb1+ 49. Kf2 h5 50. g3 f6 51. f4 gxf4 52. gxf4 Bd7 53. Rd2 Be8 54. e5 fxe5 55. Bd3+ Kf6 56. fxe5+ Nxe5 57. Bxb1 h4 58. Rd6+ Ke7 59. Rh6 Bd7 60. Rxh4 Kd6 61. Rd4+ Kc5 62. Rd5+ Kb4 63. Rxe5 Bc6 64. h4 Kc3 65. h5 Kd2 66. h6 Kc1 67. h7 Ba4 68. h8=Q Bd1 69. Nxd1 Kd2 70. Re2+ Kc1 71. Qb2+ 1-0


[Site "https://www.chess.com"]

[Event "Titled Tuesday Blitz July 05 Early 2022"]
[White "Kosteniuk, Alexandra"]
[Black "Jones, Gawain C B"]
[WhiteFideId "4128125"]
[BlackFideId "409561"]
[WhiteElo "2469"]
[BlackElo "2657"]
[Result "0-1"]
[Round "07"]
[TimeControl "180+1"]
[Date "2022.07.05"]
[WhiteClock "0:00:38"]
[BlackClock "0:00:50"]

1. e4 c5 2. Nf3 g6 3. c3 d5 4. exd5 Qxd5 5. d4 Nf6 6. Nbd2 cxd4 7. Nxd4 Bg7 8. Bc4 Qxg2 9. Qf3 Qxf3 10. N2xf3 O-O 11. Bf4 Nbd7 12. O-O-O Ng4 13. Bg3 Nde5 14. Bd5 e6 15. Bb3 Nxf3 16. Nxf3 b6 17. h3 Bb7 18. Rd3 Be4 19. Bc2 Bxd3 20. Bxd3 Nf6 21. Ba6 Ne4 22. Bf4 Rad8 23. Be3 Rd6 24. h4 Nc5 25. Be2 Rc8 26. Kc2 h6 27. h5 g5 28. Nd4 f5 29. Nb5 Rd7 30. Bc4 Kf7 31. Bd4 a6 32. Bxg7 axb5 33. Bxb5 Kxg7 0-1


[Site "https://www.chess.com"]

[Event "Titled Tuesday Blitz July 05 Early 2022"]
[White "Lashkin, Jegor"]
[Black "De Silva, L M S T"]
[WhiteFideId "13907808"]
[BlackFideId "9953698"]
[WhiteElo "2368"]
[BlackElo "1663"]
[Result "1/2-1/2"]
[Round "07"]
[TimeControl "180+1"]
[Date "2022.07.05"]
[WhiteClock "0:00:05"]
[BlackClock "0:00:17"]

1. d4 Nf6 2. c4 e6 3. Nf3 d5 4. Nc3 Bb4 5. e3 O-O 6. Bd2 Nbd7 7. Qb3 c5 8. cxd5 Nxd5 9. Nxd5 Bxd2+ 10. Nxd2 exd5 11. Qxd5 cxd4 12. Qxd4 Qg5 13. Nf3 Qa5+ 14. Qd2 Qb6 15. Bc4 Nc5 16. O-O Rd8 17. Qc2 Be6 18. Ng5 Bxc4 19. Qxc4 Rd7 20. Rad1 Rad8 21. Nxf7 Rxf7 22. Rxd8+ Qxd8 23. Qxc5 b6 24. Qc4 Qd2 25. Qb3 h6 26. h3 Qe2 27. a4 Qd2 28. Qb5 Rc7 29. Qe8+ Kh7 30. Qe4+ Kg8 31. b4 Rc2 32. a5 bxa5 33. bxa5 Rc1 34. Qe8+ Kh7 35. Qe4+ Kh8 36. Rxc1 Qxc1+ 37. Kh2 Qc7+ 38. f4 Qxa5 39. Qe8+ Kh7 40. Qe4+ Kh8 41. Qa8+ Kh7 42. Qe4+ Kh8 1/2-1/2


[Site "https://www.chess.com"]

[Event "Titled Tuesday Blitz July 05 Early 2022"]
[White "Leiva, Gianmarco"]
[Black "Naroditsky, Daniel"]
[WhiteFideId "3804399"]
[BlackFideId "2026961"]
[WhiteElo "2323"]
[BlackElo "2608"]
[Result "0-1"]
[Round "07"]
[TimeControl "180+1"]
[Date "2022.07.05"]
[WhiteClock "0:00:01"]
[BlackClock "0:00:03"]

1. e4 c5 2. Nf3 Nf6 3. Nc3 d5 4. Bb5+ Bd7 5. Bxd7+ Qxd7 6. d3 Nc6 7. O-O e6 8. Bf4 Be7 9. Ne5 Nxe5 10. Bxe5 O-O 11. a4 d4 12. Nb1 Ne8 13. Nd2 f6 14. Bg3 e5 15. f4 exf4 16. Bxf4 Nc7 17. Bxc7 Qxc7 18. Qh5 Bd6 19. Nc4 Bf4 20. Rf3 Rae8 21. Raf1 Be5 22. h4 b6 23. Rf5 g6 24. Qg4 Qg7 25. R5f3 h5 26. Qh3 Bc7 27. Kh1 a6 28. g4 b5 29. axb5 axb5 30. Na3 Re5 31. Nxb5 Qd7 32. gxh5 Qxb5 33. hxg6 Qc6 34. h5 Rg5 35. b3 Kg7 36. Rf5 Rxf5 37. Qxf5 Rh8 38. Kg2 Be5 39. Rh1 Rh6 40. Ra1 Qb7 41. Ra5 Bd6 42. Qe6 Rxh5 43. Qxd6 Rg5+ 44. Kf2 Kxg6 45. Rxc5 Rxc5 46. Qxc5 Qb8 47. Qf5+ Kg7 48. Qd7+ Kg6 49. Qg4+ Kf7 50. Qh5+ Kg7 51. Qg4+ Kf7 52. Qd7+ Kg6 53. Qxd4 Qh2+ 54. Kf1 Qxc2 55. Qc4 Qd1+ 56. Kf2 Qd2+ 57. Kf3 Qd1+ 58. Ke3 Qg1+ 59. Kd2 Qf2+ 60. Kc3 Qe1+ 61. Kb2 Qf2+ 62. Qc2 Qd4+ 63. Qc3 Qf2+ 64. Ka3 Qa7+ 65. Kb2 Qf2+ 66. Kb1 Qf1+ 67. Ka2 Qf2+ 68. Ka3 Qa7+ 69. Kb4 Qb6+ 70. Ka4 Qa6+ 71. Qa5 Qxd3 72. Qf5+ Kg7 73. b4 Qa6+ 74. Qa5 Qc6+ 75. Qb5 Qxe4 76. Qd7+ Kg6 0-1


[Site "https://www.chess.com"]

[Event "Titled Tuesday Blitz July 05 Early 2022"]
[White "Livaic, Leon"]
[Black "Yaksin, Oleg"]
[WhiteFideId "14531534"]
[BlackFideId "24105880"]
[WhiteElo "2540"]
[BlackElo "2256"]
[Result "1/2-1/2"]
[Round "07"]
[TimeControl "180+1"]
[Date "2022.07.05"]
[WhiteClock "0:01:42"]
[BlackClock "0:00:39"]

1. b3 Nf6 2. Bb2 e6 3. e3 Be7 4. Nf3 O-O 5. c4 b6 6. g3 Bb7 7. Bg2 c5 8. O-O d6 9. Nc3 Nbd7 10. d4 cxd4 11. Nxd4 Bxg2 12. Kxg2 Qc7 13. Qf3 Ne5 14. Qe2 a6 15. Rac1 Rfd8 16. f4 Nc6 17. Nxc6 Qxc6+ 18. Qf3 Qxf3+ 19. Kxf3 Rac8 20. e4 Kf8 21. Rfd1 Nd7 22. Ba3 Nc5 23. Bxc5 bxc5 24. e5 dxe5 25. fxe5 Rxd1 26. Rxd1 Rd8 27. Rxd8+ Bxd8 28. Ke4 f5+ 29. exf6 gxf6 30. g4 Bc7 31. h3 Kf7 32. a3 Bd6 33. Na2 a5 34. Nc1 Kg6 35. Nd3 f5+ 36. Kf3 Kg5 37. b4 axb4 38. axb4 cxb4 39. c5 fxg4+ 40. hxg4 Bxc5 41. Nxc5 h5 42. gxh5 Kxh5 43. Nxe6 b3 44. Nf4+ Kg5 45. Nd3 b2 46. Nxb2 1/2-1/2


[Site "https://www.chess.com"]

[Event "Titled Tuesday Blitz July 05 Early 2022"]
[White "Maksimovic, Bojan"]
[Black "Fedoseev, Vladimir"]
[WhiteFideId "14408120"]
[BlackFideId "24130737"]
[WhiteElo "2453"]
[BlackElo "2726"]
[Result "0-1"]
[Round "07"]
[TimeControl "180+1"]
[Date "2022.07.05"]
[WhiteClock "0:00:01"]
[BlackClock "0:00:15"]

1. c4 e5 2. Nc3 g6 3. Nf3 Bg7 4. d4 exd4 5. Nd5 c6 6. Nf4 Qb6 7. Nd3 d6 8. b4 Bf5 9. Rb1 Ne7 10. g3 O-O 11. Bg2 a5 12. O-O axb4 13. Rxb4 Qc7 14. c5 Bxd3 15. Bf4 Ba6 16. cxd6 Qd7 17. dxe7 Qxe7 18. Rxd4 Bxe2 19. Qe1 Re8 20. Rd2 Na6 21. Bd6 Qe6 22. Ng5 Qc4 23. Qb1 Bxf1 24. Bxf1 Qg4 25. h4 Bh6 26. Qxb7 Bxg5 27. hxg5 Qxg5 28. Bc4 Kh8 29. Bxa6 Qxd2 30. Bb4 Qd1+ 31. Kh2 Qd5 32. Bc3+ Kg8 0-1


[Site "https://www.chess.com"]

[Event "Titled Tuesday Blitz July 05 Early 2022"]
[White "Moiseenko, Alexander"]
[Black "Florescu, Codrut-Constantin"]
[WhiteFideId "14102560"]
[BlackFideId "1202200"]
[WhiteElo "2577"]
[BlackElo "2191"]
[Result "1-0"]
[Round "07"]
[TimeControl "180+1"]
[Date "2022.07.05"]
[WhiteClock "0:00:09"]
[BlackClock "0:00:17"]

1. d4 Nf6 2. Bg5 e6 3. e4 h6 4. Bxf6 Qxf6 5. c3 d6 6. Bd3 e5 7. Ne2 g6 8. O-O Bg7 9. f4 Qe7 10. Nd2 O-O 11. Nf3 exd4 12. cxd4 c5 13. dxc5 dxc5 14. e5 Nc6 15. Ng3 Bg4 16. h3 Bxf3 17. Qxf3 Rad8 18. Rad1 Nd4 19. Qf2 h5 20. Kh1 b6 21. Ne4 Nf5 22. g4 hxg4 23. hxg4 Nd4 24. Qh2 Qb7 25. Kg1 b5 26. Ng5 Rfe8 27. Be4 Qb6 28. Kh1 Ne6 29. Qh7+ Kf8 30. Rxd8 Rxd8 31. Nxf7 Kxf7 32. Qxg6+ Kf8 33. f5 Nf4 34. Qxb6 axb6 35. Rxf4 Rd1+ 36. Kg2 Bxe5 37. Rf2 Bd4 38. Re2 Bf6 39. Bf3 c4 40. Kg3 Rd3 41. Kf4 Rd4+ 42. Be4 b4 43. g5 Be7 44. f6 Bd6+ 45. Kf5 Rd1 46. g6 Rf1+ 47. Ke6 c3 48. bxc3 bxc3 49. Kxd6 Rxf6+ 50. Ke5 Kg7 51. Rc2 b5 52. Rxc3 Ra6 53. Rc7+ Kf8 54. g7+ 1-0


[Site "https://www.chess.com"]

[Event "Titled Tuesday Blitz July 05 Early 2022"]
[White "Moussard, Jules"]
[Black "Martinez Alcantara, Jose Eduardo"]
[WhiteFideId "642908"]
[BlackFideId "3805662"]
[WhiteElo "2589"]
[BlackElo "2703"]
[Result "1-0"]
[Round "07"]
[TimeControl "180+1"]
[Date "2022.07.05"]
[WhiteClock "0:00:09"]
[BlackClock "0:00:07"]

1. e4 c5 2. Nf3 d6 3. d4 cxd4 4. Nxd4 Nf6 5. Nc3 Nc6 6. g3 g6 7. Bg2 Nxd4 8. Qxd4 Bg7 9. O-O O-O 10. a4 Be6 11. Qd3 Qc7 12. Nb5 Qc8 13. Re1 Nd7 14. Nd4 Ne5 15. Qd1 Bh3 16. Bg5 Re8 17. b3 Bxg2 18. Kxg2 Nc6 19. Nxc6 bxc6 20. Rb1 Rb8 21. Qd3 Qb7 22. Bd2 d5 23. Kg1 Rbd8 24. Ba5 Rd7 25. Rbd1 e5 26. c4 d4 27. b4 Qa6 28. Rc1 c5 29. Rb1 cxb4 30. Bxb4 Qxa4 31. c5 Bf8 32. Rec1 Rc8 33. Kg2 Rb7 34. Rc4 Qb5 35. Ra1 Qc6 36. Bd2 f5 37. f3 fxe4 38. fxe4 Rf7 39. Rc2 Qe6 40. Ra6 Rc6 41. Rxc6 Qxc6 42. h3 Kg7 43. Bb4 h5 44. h4 Rb7 45. Ba3 a5 46. Rf2 Be7 47. Qf3 Bf6 48. Bc1 Rf7 49. Bg5 Qe6 50. c6 Qxc6 51. Kh2 Qe6 52. Bd2 a4 53. Qa3 Be7 54. Rxf7+ Kxf7 55. Qxa4 Qf6 56. Qc4+ Kg7 57. Qe2 Qc6 58. Kg2 Bf6 59. Qd3 Qb7 60. Kf3 Qc8 61. Ke2 Qh3 62. Qf3 Qe6 63. Qd3 Qh3 64. Qf3 Qh2+ 65. Qf2 Qh1 66. Qf3 Qb1 67. Qd3 Qb7 68. Kf3 Qd7 69. Ke2 Be7 70. Qf3 Qb7 71. Qd3 Qc8 72. Qf3 Qc4+ 73. Qd3 Qe6 74. Qf3 g5 75. Qxh5 Qc4+ 76. Kf2 Qc2 77. Qe2 gxh4 78. Bh6+ Kxh6 79. Qxc2 d3 80. Qxd3 Bg5 81. gxh4 Bxh4+ 82. Kf3 Bg5 83. Kg4 Bf4 84. Qd6+ 1-0


[Site "https://www.chess.com"]

[Event "Titled Tuesday Blitz July 05 Early 2022"]
[White "Nakamura, Hikaru"]
[Black "Deac, Bogdan-Daniel"]
[WhiteFideId "2016192"]
[BlackFideId "1226380"]
[WhiteElo "2850"]
[BlackElo "2648"]
[Result "0-1"]
[Round "07"]
[TimeControl "180+1"]
[Date "2022.07.05"]
[WhiteClock "0:01:21"]
[BlackClock "0:00:07"]

1. Nf3 c5 2. e4 d6 3. c3 Nf6 4. h3 g6 5. Bd3 Bg7 6. Bc2 e5 7. a3 O-O 8. d3 a5 9. a4 Nc6 10. O-O h6 11. Na3 d5 12. exd5 Nxd5 13. Re1 Re8 14. Bb3 Be6 15. Bc4 Nb6 16. Bxe6 Rxe6 17. Qb3 Rb8 18. Be3 Bf8 19. Rad1 Nd5 20. Nd2 b6 21. Ndc4 Bg7 22. Nb5 Qd7 23. Bc1 Rd8 24. Re2 g5 25. Rde1 Nf4 26. Bxf4 gxf4 27. f3 Qxd3 28. Rd2 Qxd2 29. Nxd2 Rxd2 30. Rd1 c4 31. Qxc4 Rxd1+ 32. Kf2 Rd2+ 33. Kf1 Rg6 34. Ke1 Rxb2 35. Qd5 Rgxg2 0-1


[Site "https://www.chess.com"]